 Dungeon Crawl Stone Soup version 0.30.0-20-g3615ddf2f0 (webtiles) character file.

Game seed: 5802700044666280645

74992 qw the Severer (level 15, -5/98 HPs)
             Began as a Gargoyle Fighter on June 1, 2023.
             Was a High Priest of Okawaru.
             Killed by divine providence
             ... invoked by a meliai
              (14 damage)
             ... on level 15 of the Dungeon.
             The game lasted 00:10:50 (20084 turns).

qw the Severer (Gargoyle Fighter)                  Turns: 20084, Time: 00:10:50

Health: -5/98      AC: 41    Str: 28    XL:     15   Next: 48%
Magic:  21/22      EV: 14    Int:  8    God:    Okawaru [*****.]
Gold:   1175       SH: 16    Dex:  9    Spells: 14/14 levels left

rFire   . . .        Y - +6 war axe (venom)
rCold   . . .        D - +0 tower shield {AC+3}
rNeg    + . .        q - +0 plate armour
rPois   inf          (helmet restricted)
rElec   +            m - +0 cloak
rCorr   .            g - +2 pair of gloves
SInv    +            b - +2 pair of boots {Stlth+}
Will    +....        u - amulet of faith Stlth
                     v - ring of see invisible
HPRegen 0.36/turn    o - +5 ring of evasion
MPRegen 0.18/turn

%: faith
@: about to teleport, heroic, flying
A: sickness immunity, AC +11, big wings, negative energy resistance 1,
electricity resistance, torment resistance 1, petrification resistance, antennae
1, wild magic 1
a: Renounce Religion, Heroism, Finesse, Duel


You were on level 15 of the Dungeon.
You worshipped Okawaru.
Okawaru was extremely pleased with you.
You visited 3 branches of the dungeon, and saw 21 of its levels.
You also visited: Ossuary.

You collected 1415 gold pieces.
You spent 240 gold pieces at shops.


Innate Abilities, Weirdness & Mutations

You are immune to sickness and miasma.
Your stone body is resilient. (AC +11)
You are immune to poison.
Your large and strong wings let you fly.
You resist negative energy. (rN+)
You are resistant to electric shocks. (rElec)
You are resistant to unholy torment.
You are immune to petrification.
You have a pair of small antennae on your head.
Your spells are a little harder to cast, but a little more powerful.


   Skills:
 - Level 13.0(18.0) Fighting
 - Level 16.0(21.0) Axes
 - Level 7.0(12.0) Throwing
 - Level 12.0(17.0) Armour
 - Level 3.0(8.0) Dodging
 + Level 8.4(13.4) Shields
 - Level 10.0 Invocations


You had 14 spell levels left.
You didn't know any spells.
Your spell library was empty.

Inventory:

Hand Weapons
 s - a +0 morningstar
 Y - a +6 war axe of venom (weapon)
Missiles
 p - a boomerang
 B - 2 silver javelins (quivered)
Armour
 b - a +2 pair of boots of stealth (worn)
 g - a +2 pair of gloves (worn)
 m - a +0 cloak (worn)
 q - a +0 plate armour (worn)
 x - a +3 scale mail of cold resistance
 A - +0 acid dragon scales
 D - a +0 tower shield of protection (worn)
Jewellery
 o - a +5 ring of evasion (right hand)
 r - a +6 ring of strength
 u - an amulet of faith (around neck)
 v - a ring of see invisible (left hand)
 w - a ring of protection from cold
 y - a ring of resist corrosion
Wands
 C - a wand of digging (5)
Scrolls
 h - 16 scrolls of identify
 k - 7 scrolls of teleportation
Potions
 a - 3 potions of mutation
 d - 7 potions of might
 e - 11 potions of curing
 f - a potion of resistance
 i - 6 potions of heal wounds
 j - 2 potions of haste
 l - 5 potions of magic
 n - 2 potions of lignification
 t - 4 potions of cancellation
 z - 3 potions of attraction

Dungeon Overview and Level Annotations

Branches:
Dungeon (15/15)            Temple (1/1) D:7            Lair (5/5) D:11
  Swamp (0/4) Lair:3       Spider (0/4) Lair:3        Slime (0/5) Lair:5
    Orc (0/2) D:12         Vaults (0/5) D:14        Ossuary (visited)
 Depths: D:15

Altars:
Ashenzari
Cheibriados
Dithmenos
Elyvilon
Fedhas
Gozag
Hepliaklqana
Kikubaaqudgha
Makhleb
Nemelex Xobeh
Okawaru
Qazlal
Ru
Sif Muna
Trog
Uskayaw
Vehumet
Wu Jian
Xom
Yredelemnul
Zin
The Shining One

Shops:
D:2 (   D:6 ?   D:9 :

Annotations:
D:3 2 transporters, qw's ghost, amateur GrFi


Message History

20079 ||| INVOKING Heroism.
You gain the combat prowess of a mighty hero.
The meliai calls down the wrath of its god upon you.
Something smites you!
The meliai calls down the wrath of its god upon you.
Something smites you!
The meliai invokes the aid of its god against you.
Something smites you!
Enter note: You completely miss the meliai.
The meliai invokes the aid of its god against you.
Something smites you! The meliai completely misses you.
The meliai stings you but does no damage.
You slash the meliai!
The meliai looks as sick as possible!
The meliai is heavily wounded.
You closely miss the meliai. x2
The meliai misses you. You block the meliai's attack. x2
The meliai closely misses you. The meliai hits you with a +0 war axe.
The meliai stings you but does no damage.
The meliai calls down the wrath of its god upon you.
Something smites you! The meliai hits you but does no damage.
The meliai stings you. The meliai hits you but does no damage.
The meliai stings you.
You completely miss the meliai.
The meliai is heavily wounded.
You slice the meliai!!
You kill the meliai!
Okawaru accepts your kill.
You slash the meliai!
The meliai is poisoned.
The meliai calls down the wrath of its god upon you.
Something smites you!
The meliai mumbles some strange prayers to its god against you.
Something smites you!
20084 ||| READING 8 scrolls of teleportation.
As you read the scroll of teleportation, it crumbles to dust.
You feel strangely unstable. You block the meliai's attack.
The meliai closely misses you.
The meliai mumbles some strange prayers to its god against you.
Something smites you!
You die...

............#
...........#
..........#
.........+
........#
.......# #yy....#
#....#@)....#
#....#......#
#....#......#
#....#......####
##....#..........
#.....#..........
#.....#..........
#.....'..........
#####
####+##..........


You could see 2 meliai.

Vanquished Creatures
  3 vault guards (D:14)
  2 hydras
  3 centaur warriors (D:9)
  4 catoblepae
  2 boulder beetles
  3 two-headed ogres
  2 tengu warriors
  7 death yaks (Lair:5)
  Urug (D:11)
  A skyshark (Lair:2)
  3 skeletal warriors (D:12)
  A wizard (D:14)
  2 bog bodies (Lair:3)
  A deep elf pyromancer (D:15)
  3 cyclopes
  6 ugly things
  2 manticores (Lair:5)
  A centaur zombie (D:12)
  22 elephants
  A spectral centaur (D:12)
  4 black mambas
  7 cane toads
  3 centaur skeletons (D:12)
  A gargoyle (D:14)
  An efreet (D:9)
  2 rime drakes
  2 unseen horrors
  A yaktaur (D:14)
  9 komodo dragons
  A rime drake (shapeshifter) (D:14)
  3 tengu conjurers
  A meliai (shapeshifter) (D:14)
  3 trolls
  7 meliai
  2 hornets (D:9)
  4 blink frogs (Lair:5)
  A polar bear (D:10)
  A queen bee (Lair:5)
  Grinder (D:6)
  Prince Ribbit (D:9)
  A meliai zombie (D:12)
  A spectral meliai (D:12)
  18 slime creatures
  2 jumping spiders (Lair:3)
  A spectral black mamba (D:12)
  6 shadows (D:12)
  A centaur simulacrum (D:10)
  A vampire (D:12)
  11 flying skulls (D:12)
  6 wraiths
  50 yaks
  6 spriggans (Lair:2)
  3 wyverns
  8 humans (D:14)
  4 basilisks
  3 redbacks (Lair:3)
  12 vampire mosquitoes
  Menkaure (D:7)
  A swamp worm (Lair:3)
  7 wargs (D:12)
  2 acid dragons
  10 water moccasins
  3 sky beasts (D:7)
  A boulder beetle simulacrum (D:12)
  An ice beast (D:6)
  4 orc warriors
  3 black bears
  3 black mamba simulacra (D:12)
  4 ogres
  4 wolves (Lair:5)
  2 centaurs
  3 phantoms
  3 kobold brigands
  8 bullfrogs
  2 gnoll sergeants
  3 scorpions
  21 wights
  32 killer bees
  An electric eel (Lair:3)
  2 howler monkeys
  3 hounds
  A gnoll bouda (D:5)
  11 orc priests
  A jelly (D:6)
  11 orc wizards
  A boggart zombie (D:12)
  6 hell rats
  4 sleepcaps
  6 iguanas
  A mummy (Ossuary)
  11 gnolls
  6 adders
  5 river rats (Lair:3)
  A white imp (D:10)
  4 worms
  4 dart slugs
  30 orcs
  8 ball pythons
  5 endoplasms
  2 giant cockroaches
  9 goblins
  8 hobgoblins
  6 quokkas
  5 bats
  8 frilled lizards
  12 gnoll skeletons (Ossuary)
  14 kobolds
  2 kobold skeletons (Ossuary)
  11 orc skeletons (Ossuary)
  8 rats
584 creatures vanquished.

Vanquished Creatures (others)
  A vault guard (D:14)
1 creature vanquished.

Grand Total: 585 creatures vanquished

Notes
Turn   | Place    | Note
-------+----------+-------------------------------------------
     0 | D:1      | qw the Gargoyle Fighter began the quest for the Orb.
     0 | D:1      | Reached XP level 1. HP: 14/14 MP: 1/1
     0 | D:1      | 0 ||| qw: Version: 0.2-a-102-gdf20003
     0 | D:1      | 0 ||| qw: Game counter: 679
     0 | D:1      | 0 ||| qw: Always use a shield: true
     0 | D:1      | 0 ||| qw: God list: Okawaru
     0 | D:1      | 0 ||| qw: Allow faded altars: false
     0 | D:1      | 0 ||| qw: Do Orc after D:15 true
     0 | D:1      | 0 ||| qw: Do second Lair branch before Depths: true
     0 | D:1      | 0 ||| qw: Lair rune preference: random
     0 | D:1      | 0 ||| qw: Plans: Normal, Zot:1-4, Slime:5, God:TSO, Crypt,
                  | Tomb, Pan, Hells, Abyss, Win
     0 | D:1      | 0 ||| PLANNING D:1-11
    41 | D:1      | Reached skill level 2 in Axes
    41 | D:1      | 41 ||| Stepping ~*~*~tactically~*~*~ (hiding).
   175 | D:1      | You fall into a shaft and drop 1 floor!
   190 | D:2      | Reached XP level 2. HP: 19/19 MP: 2/2
   370 | D:2      | 370 ||| Stepping ~*~*~tactically~*~*~ (hiding).
   372 | D:2      | 372 ||| Stepping ~*~*~tactically~*~*~ (hiding).
   598 | D:2      | Reached skill level 3 in Axes
   691 | D:2      | 691 ||| Stepping ~*~*~tactically~*~*~ (hiding).
   705 | D:2      | Reached XP level 3. HP: 23/23 MP: 3/3
   711 | D:2      | 711 ||| UPGRADING to +2 pair of gloves.
   717 | D:2      | 717 ||| READING scroll labelled NAZANGYTIQ.
   718 | D:2      | 718 ||| READING 3 scrolls labelled DIQODGH ZAEGED.
   719 | D:2      | 719 ||| DRINKING 2 clear potions.
   771 | D:1      | Found a faded altar of an unknown god.
  1293 | D:1      | 1293 ||| UPGRADING to ring of resist corrosion.
  1294 | D:1      | 1294 ||| READING 2 scrolls labelled QEXZUMA OKOEQE.
  1297 | D:1      | 1297 ||| READING 2 scrolls of identify.
  1297 | D:1      | 1297 ||| IDENTIFYING lumpy sapphire potion
  1298 | D:1      | 1298 ||| DROPPING potion of flight.
  1562 | D:2      | Reached XP level 4. HP: 28/28 MP: 4/4
  1598 | D:2      | Found Rayri's Weapon Shop.
  1811 | D:2      | 1811 ||| READING scroll labelled UKACAMYOWA.
  1812 | D:2      | 1812 ||| READING scroll labelled PEUMEC ISIBRIU.
  1813 | D:2      | 1813 ||| READING 2 scrolls of identify.
  1813 | D:2      | 1813 ||| IDENTIFYING white potion
  1835 | D:3      | Found a transporter.
  1843 | D:3      | Noticed qw's ghost (amateur GrFi)
  1846 | D:3      | Found a transporter.
  1895 | D:3      | 1895 ||| Stepping ~*~*~tactically~*~*~ (hiding).
  2078 | D:3      | 2078 ||| Stepping ~*~*~tactically~*~*~ (water).
  2096 | D:3      | Reached skill level 4 in Axes
  2137 | D:3      | 2137 ||| STAIRDANCE
  2161 | D:2      | 2161 ||| DROPPING ring of flight.
  2176 | D:3      | 2176 ||| Stepping ~*~*~tactically~*~*~ (stealth).
  2322 | D:3      | 2322 ||| Stepping ~*~*~tactically~*~*~ (hiding).
  2517 | D:3      | 2517 ||| Stepping ~*~*~tactically~*~*~ (stealth).
  2517 | D:3      | Found a shadowy altar of Dithmenos.
  2522 | D:3      | 2522 ||| Stepping ~*~*~tactically~*~*~ (stealth).
  2541 | D:3      | Reached XP level 5. HP: 16/32 MP: 5/5
  2925 | D:3      | 2925 ||| READING scroll labelled YPLUBO YM TUSA.
  2947 | D:3      | 2947 ||| DRINKING 2 black potions.
  2948 | D:3      | 2948 ||| READING 2 scrolls of identify.
  2948 | D:3      | 2948 ||| IDENTIFYING fuming emerald potion
  2949 | D:3      | 2949 ||| DROPPING potion of degeneration.
  3053 | D:4      | Noticed a phantom
  3054 | D:4      | 3054 ||| Stepping ~*~*~tactically~*~*~ (hiding).
  3056 | D:4      | 3056 ||| Stepping ~*~*~tactically~*~*~ (hiding).
  3075 | D:4      | Killed a phantom
  3076 | D:4      | Reached skill level 5 in Axes
  3197 | D:4      | Noticed an ogre
  3211 | D:4      | Killed an ogre
  3212 | D:4      | Reached XP level 6. HP: 23/39 MP: 6/6
  3353 | D:4      | Reached skill level 1 in Dodging
  3427 | D:4      | Found an opulent altar of Gozag.
  3437 | D:4      | Found Gozag's Platinum Reserve.
  3513 | D:4      | 3513 ||| Stepping ~*~*~tactically~*~*~ (stealth).
  3515 | D:4      | 3515 ||| Stepping ~*~*~tactically~*~*~ (stealth).
  3517 | D:4      | 3517 ||| Stepping ~*~*~tactically~*~*~ (stealth).
  3519 | D:4      | 3519 ||| Stepping ~*~*~tactically~*~*~ (stealth).
  3521 | D:4      | 3521 ||| Stepping ~*~*~tactically~*~*~ (stealth).
  3523 | D:4      | 3523 ||| Stepping ~*~*~tactically~*~*~ (stealth).
  3525 | D:4      | 3525 ||| Stepping ~*~*~tactically~*~*~ (stealth).
  3527 | D:4      | 3527 ||| Stepping ~*~*~tactically~*~*~ (stealth).
  3529 | D:4      | 3529 ||| Stepping ~*~*~tactically~*~*~ (stealth).
  3531 | D:4      | 3531 ||| Stepping ~*~*~tactically~*~*~ (stealth).
  3533 | D:4      | 3533 ||| Stepping ~*~*~tactically~*~*~ (stealth).
  3535 | D:4      | 3535 ||| Stepping ~*~*~tactically~*~*~ (stealth).
  3537 | D:4      | 3537 ||| Stepping ~*~*~tactically~*~*~ (stealth).
  3538 | D:4      | 3538 ||| Stepping ~*~*~tactically~*~*~ (stealth).
  3539 | D:4      | 3539 ||| Stepping ~*~*~tactically~*~*~ (stealth).
  3540 | D:4      | 3540 ||| Stepping ~*~*~tactically~*~*~ (stealth).
  3541 | D:4      | 3541 ||| Stepping ~*~*~tactically~*~*~ (stealth).
  3699 | D:4      | Reached XP level 7. HP: 41/44 MP: 7/7
  3892 | D:4      | 3892 ||| UPGRADING to +0 pair of boots of flying.
  3897 | D:4      | 3897 ||| READING 2 scrolls labelled COBRAS URYEBIE.
  3898 | D:4      | 3898 ||| READING scroll labelled HIROIS KEAV.
  3899 | D:4      | 3899 ||| READING scroll labelled HEVESA RALU.
  3900 | D:4      | 3900 ||| READING scroll labelled DITHIL JORGHY.
  3901 | D:4      | 3901 ||| READING 2 scrolls of identify.
  3901 | D:4      | 3901 ||| IDENTIFYING fizzy coppery potion
  3902 | D:4      | 3902 ||| DROPPING scroll of noise.
  3903 | D:4      | 3903 ||| DROPPING potion of magic.
  3918 | D:5      | Entered Level 5 of the Dungeon
  3921 | D:5      | 3921 ||| Stepping ~*~*~tactically~*~*~ (hiding).
  3922 | D:5      | 3922 ||| Stepping ~*~*~tactically~*~*~ (hiding).
  3923 | D:5      | 3923 ||| Stepping ~*~*~tactically~*~*~ (hiding).
  3930 | D:5      | Reached skill level 6 in Axes
  4028 | D:5      | 4028 ||| DROPPING +0 whip.
  4043 | D:5      | 4043 ||| Stepping ~*~*~tactically~*~*~ (stealth).
  4084 | D:5      | 4084 ||| Stepping ~*~*~tactically~*~*~ (stealth).
  4193 | D:5      | Reached skill level 7 in Axes
  4232 | D:5      | 4232 ||| Stepping ~*~*~tactically~*~*~ (stealth).
  4437 | D:5      | Reached XP level 8. HP: 48/48 MP: 8/8
  4592 | D:5      | 4592 ||| Stepping ~*~*~tactically~*~*~ (stealth).
  4628 | D:5      | Reached skill level 1 in Throwing
  4731 | D:5      | 4731 ||| Stepping ~*~*~tactically~*~*~ (hiding).
  4851 | D:5      | Found a broken altar of Ashenzari.
  4878 | D:5      | 4878 ||| DROPPING ring of wizardry.
  4879 | D:5      | 4879 ||| READING scroll labelled YNTEAN JUEMIOL.
  4880 | D:5      | 4880 ||| READING scroll labelled EBLUIL GYOR.
  4881 | D:5      | 4881 ||| READING 2 scrolls of identify.
  4881 | D:5      | 4881 ||| IDENTIFYING golden potion
  4908 | D:6      | 4908 ||| Stepping ~*~*~tactically~*~*~ (stealth).
  4993 | D:6      | Found Jademof's Magic Scroll Shop.
  5002 | D:6      | 5002 ||| BUYING scroll of enchant weapon (90 gold).
  5002 | D:6      | Bought a scroll of enchant weapon for 90 gold pieces
  5002 | D:6      | 5002 ||| BUYING scroll of enchant weapon (90 gold).
  5002 | D:6      | Bought a scroll of enchant weapon for 90 gold pieces
  5002 | D:6      | 5002 ||| BUYING scroll of identify (24 gold).
  5002 | D:6      | Bought a scroll of identify for 24 gold pieces
  5002 | D:6      | 5002 ||| BUYING scroll of teleportation (36 gold).
  5002 | D:6      | Bought a scroll of teleportation for 36 gold pieces
  5002 | D:6      | 5002 ||| READING 2 scrolls of enchant weapon.
  5002 | D:6      | 5002 ||| ENCHANTING +1 war axe.
  5003 | D:6      | 5003 ||| READING scroll of enchant weapon.
  5003 | D:6      | 5003 ||| ENCHANTING +2 war axe.
  5004 | D:6      | Noticed Grinder
  5005 | D:6      | 5005 ||| Stepping ~*~*~tactically~*~*~ (hiding).
  5007 | D:6      | Paralysed by Grinder for 3 turns
  5013 | D:6      | 5013 ||| Stepping ~*~*~tactically~*~*~ (hiding).
  5014 | D:6      | 5014 ||| Stepping ~*~*~tactically~*~*~ (hiding).
  5015 | D:6      | 5015 ||| Stepping ~*~*~tactically~*~*~ (hiding).
  5018 | D:6      | Paralysed by Grinder for 5 turns
  5033 | D:6      | 5033 ||| Stepping ~*~*~tactically~*~*~ (hiding).
  5034 | D:6      | 5034 ||| Stepping ~*~*~tactically~*~*~ (hiding).
  5035 | D:6      | 5035 ||| Stepping ~*~*~tactically~*~*~ (hiding).
  5040 | D:6      | 5040 ||| Stepping ~*~*~tactically~*~*~ (hiding).
  5042 | D:6      | 5042 ||| Stepping ~*~*~tactically~*~*~ (hiding).
  5043 | D:6      | 5043 ||| Stepping ~*~*~tactically~*~*~ (hiding).
  5044 | D:6      | 5044 ||| Stepping ~*~*~tactically~*~*~ (hiding).
  5057 | D:6      | Killed Grinder
  5058 | D:6      | Reached skill level 8 in Axes
  5241 | D:6      | Reached skill level 6 in Fighting
  5333 | D:6      | 5333 ||| Stepping ~*~*~tactically~*~*~ (stealth).
  5513 | D:6      | 5513 ||| UPGRADING to +5 ring of evasion.
  5514 | D:6      | 5514 ||| READING scroll labelled WUAHUA ASAKH.
  5515 | D:6      | 5515 ||| READING scroll labelled CAOLEL KIELAG.
  5516 | D:6      | 5516 ||| DRINKING 2 coppery potions.
  5517 | D:6      | 5517 ||| READING 2 scrolls of identify.
  5517 | D:6      | 5517 ||| IDENTIFYING dark potion
  5518 | D:6      | 5518 ||| DROPPING potion of brilliance.
  5556 | D:7      | Reached XP level 9. HP: 56/56 MP: 9/9
  5568 | D:7      | Reached skill level 9 in Axes
  5587 | D:7      | 5587 ||| Stepping ~*~*~tactically~*~*~ (hiding).
  5589 | D:7      | 5589 ||| Stepping ~*~*~tactically~*~*~ (hiding).
  5616 | D:7      | 5616 ||| Stepping ~*~*~tactically~*~*~ (stealth).
  5668 | D:7      | 5668 ||| Stepping ~*~*~tactically~*~*~ (stealth).
  5670 | D:7      | 5670 ||| Stepping ~*~*~tactically~*~*~ (hiding).
  5888 | D:7      | Noticed Menkaure
  5891 | D:7      | 5891 ||| Stepping ~*~*~tactically~*~*~ (hiding).
  5892 | D:7      | 5892 ||| Stepping ~*~*~tactically~*~*~ (hiding).
  5900 | D:7      | Killed Menkaure
  5901 | D:7      | Reached skill level 10 in Axes
  5909 | D:7      | HP: 11/57 [wight/+0 halberd (14)]
  5910 | D:7      | 5910 ||| READING 6 scrolls of teleportation.
  5911 | D:7      | 5911 ||| DRINKING 3 potions of heal wounds.
  6027 | D:7      | Found a staircase to the Ecumenical Temple.
  6028 | D:7      | 6028 ||| PLANNING TEMPLE
  6028 | D:7      | 6028 ||| DROPPING +1 leather armour of cold resistance.
  6047 | D:7      | 6047 ||| UPGRADING to +0 plate armour.
  6057 | D:7      | 6057 ||| DROPPING +0 scale mail.
  6058 | D:7      | 6058 ||| READING scroll labelled VOLAOJ KARCHI.
  6165 | Temple   | Entered the Ecumenical Temple
  6166 | Temple   | 6166 ||| PLANNING OKAWARU WORSHIP
  6333 | Temple   | Became a worshipper of Warmaster Okawaru
  6333 | Temple   | 6333 ||| PLANNING D:1-11
  6449 | D:7      | 6449 ||| Stepping ~*~*~tactically~*~*~ (stealth).
  6506 | D:7      | Found a white marble altar of Elyvilon.
  6577 | D:7      | 6577 ||| DROPPING +6 ring of intelligence.
  6578 | D:7      | 6578 ||| READING 2 scrolls of identify.
  6578 | D:7      | 6578 ||| IDENTIFYING lumpy orange potion
  6579 | D:7      | 6579 ||| DROPPING potion of invisibility.
  6601 | D:7      | 6601 ||| Stepping ~*~*~tactically~*~*~ (stealth).
  6602 | D:7      | 6602 ||| Stepping ~*~*~tactically~*~*~ (stealth).
  6610 | D:8      | 6610 ||| PLANNING OSSUARY
  6611 | D:8      | 6611 ||| Stepping ~*~*~tactically~*~*~ (stealth).
  6658 | D:8      | Reached skill level 6 in Armour
  6658 | D:8      | Reached XP level 10. HP: 54/63 MP: 10/10
  6755 | D:8      | 6755 ||| Stepping ~*~*~tactically~*~*~ (hiding).
  6760 | D:8      | 6760 ||| Stepping ~*~*~tactically~*~*~ (hiding).
  6788 | D:8      | Reached * piety under Okawaru
  6789 | D:8      | Found an ornate altar of the Wu Jian Council.
  6847 | D:8      | 6847 ||| SWAPPING to +2 heavy war axe.
  6848 | D:8      | 6848 ||| DROPPING +3 war axe.
  6854 | D:8      | Found a glowing silver altar of Zin.
  6906 | D:8      | 6906 ||| Stepping ~*~*~tactically~*~*~ (stealth).
  7019 | D:8      | Reached skill level 1 in Invocations
  7087 | D:8      | Found a sand-covered staircase.
  7096 | Ossuary  | Entered an ossuary
  7330 | Ossuary  | 7330 ||| READING 6 scrolls of identify.
  7330 | Ossuary  | 7330 ||| IDENTIFYING sedimented black potion
  7331 | Ossuary  | 7331 ||| DROPPING potion of berserk rage.
  7339 | D:8      | 7339 ||| PLANNING D:1-11
  7540 | D:8      | Noticed a two-headed ogre
  7541 | D:8      | 7541 ||| INVOKING Heroism.
  7546 | D:8      | Killed a two-headed ogre
  7547 | D:8      | Reached skill level 3 in Invocations
  7603 | D:9      | 7603 ||| Stepping ~*~*~tactically~*~*~ (stealth).
  7623 | D:9      | 7623 ||| INVOKING Heroism.
  7629 | D:9      | HP: 14/64 [something/puff of flame (6)]
  7630 | D:9      | 7630 ||| FLEEEEING.
  7632 | D:9      | 7632 ||| STAIRDANCE
  7801 | D:9      | Reached ** piety under Okawaru
  7805 | D:9      | 7805 ||| STAIRDANCE
  7807 | D:8      | 7807 ||| INVOKING Heroism.
  7938 | D:9      | 7938 ||| Stepping ~*~*~tactically~*~*~ (stealth).
  7940 | D:9      | 7940 ||| Stepping ~*~*~tactically~*~*~ (stealth).
  7941 | D:9      | 7941 ||| Stepping ~*~*~tactically~*~*~ (hiding).
  7942 | D:9      | 7942 ||| Stepping ~*~*~tactically~*~*~ (hiding).
  7945 | D:9      | 7945 ||| DRINKING 5 potions of curing.
  7945 | D:9      | 7945 ||| (to cure confusion)
  7954 | D:9      | 7954 ||| DROPPING +0 flail.
  7956 | D:9      | Found Mala's Book Shop.
  7978 | D:9      | Noticed Prince Ribbit
  7985 | D:9      | Killed Prince Ribbit
  8059 | D:9      | 8059 ||| Stepping ~*~*~tactically~*~*~ (hiding).
  8068 | D:9      | 8068 ||| INVOKING Heroism.
  8072 | D:9      | Reached skill level 11 in Axes
  8216 | D:9      | Noticed a tengu warrior
  8216 | D:9      | Noticed a centaur warrior
  8216 | D:9      | Noticed a centaur warrior
  8216 | D:9      | Noticed a cyclops
  8216 | D:9      | Noticed a centaur warrior
  8217 | D:9      | 8217 ||| Stepping ~*~*~tactically~*~*~ (hiding).
  8220 | D:9      | 8220 ||| INVOKING Heroism.
  8222 | D:9      | Noticed a boulder beetle
  8224 | D:9      | Killed a centaur warrior
  8225 | D:9      | Reached skill level 9 in Fighting
  8225 | D:9      | Reached XP level 11. HP: 71/71 MP: 11/14
  8233 | D:9      | Killed a tengu warrior
  8233 | D:9      | Reached *** piety under Okawaru
  8237 | D:9      | 8237 ||| INVOKING Heroism.
  8238 | D:9      | Killed a centaur warrior
  8250 | D:9      | Killed a centaur warrior
  8251 | D:9      | 8251 ||| INVOKING Heroism.
  8254 | D:9      | Killed a cyclops
  8254 | D:9      | Reached **** piety under Okawaru
  8255 | D:9      | Reached skill level 12 in Axes
  8256 | D:9      | Killed a boulder beetle
  8326 | D:9      | Noticed a cyclops
  8327 | D:9      | 8327 ||| FLEEEEING.
  8403 | D:9      | 8403 ||| Stepping ~*~*~tactically~*~*~ (hiding).
  8414 | D:9      | 8414 ||| INVOKING Heroism.
  8422 | D:9      | Reached skill level 6 in Shields
  8488 | D:9      | 8488 ||| Stepping ~*~*~tactically~*~*~ (stealth).
  8489 | D:9      | 8489 ||| Stepping ~*~*~tactically~*~*~ (stealth).
  8495 | D:9      | 8495 ||| Stepping ~*~*~tactically~*~*~ (hiding).
  8496 | D:9      | 8496 ||| Stepping ~*~*~tactically~*~*~ (hiding).
  8498 | D:9      | 8498 ||| Stepping ~*~*~tactically~*~*~ (hiding).
  8499 | D:9      | 8499 ||| INVOKING Heroism.
  8503 | D:9      | Killed a cyclops
  8617 | D:9      | 8617 ||| Stepping ~*~*~tactically~*~*~ (hiding).
  8876 | D:9      | 8876 ||| Stepping ~*~*~tactically~*~*~ (hiding).
  8880 | D:9      | 8880 ||| INVOKING Heroism.
  8881 | D:9      | Noticed an orc knight
  8891 | D:9      | HP: 9/71 [orc knight/+0 broad axe (15)]
  8892 | D:9      | 8892 ||| READING 7 scrolls of teleportation.
  8893 | D:9      | 8893 ||| DRINKING 7 potions of heal wounds.
  9023 | D:9      | Found a shimmering altar of Xom.
  9024 | D:9      | Found a hazy altar of Hepliaklqana.
  9204 | D:9      | 9204 ||| UPGRADING to +0 cloak.
  9209 | D:9      | 9209 ||| READING 8 scrolls of identify.
  9209 | D:9      | 9209 ||| IDENTIFYING fizzy sapphire potion
  9233 | D:10     | Entered Level 10 of the Dungeon
  9237 | D:10     | Reached skill level 9 in Armour
  9247 | D:10     | Reached skill level 6 in Invocations
  9302 | D:10     | 9302 ||| UPGRADING to amulet of faith.
  9329 | D:10     | Found a flagged portal.
  9330 | D:10     | 9330 ||| Stepping ~*~*~tactically~*~*~ (hiding).
  9444 | D:10     | 9444 ||| INVOKING Heroism.
  9701 | D:10     | Found a blossoming altar of Fedhas.
  9710 | D:10     | Reached XP level 12. HP: 65/76 MP: 16/16
 10043 | D:10     | 10043 ||| INVOKING Heroism.
 10208 | D:11     | Reached ***** piety under Okawaru
 10382 | D:11     | 10382 ||| INVOKING Heroism.
 10398 | D:11     | 10398 ||| INVOKING Heroism.
 10593 | D:11     | Found a staircase to the Lair.
 10655 | D:11     | Noticed Urug
 10656 | D:11     | 10656 ||| INVOKING Heroism.
 10657 | D:11     | 10657 ||| INVOKING Finesse.
 10664 | D:11     | Killed Urug
 10826 | D:11     | 10826 ||| PLANNING LAIR
 10826 | D:11     | 10826 ||| UPGRADING to ring of see invisible.
 10885 | Lair:1   | Entered Level 1 of the Lair of Beasts
 10896 | Lair:1   | 10896 ||| INVOKING Heroism.
 11102 | Lair:1   | 11102 ||| INVOKING Heroism.
 11224 | Lair:1   | 11224 ||| INVOKING Heroism.
 11230 | Lair:1   | Received a gift from Okawaru
 11330 | Lair:1   | 11330 ||| INVOKING Heroism.
 11428 | Lair:1   | Reached skill level 9 in Invocations
 11467 | Lair:1   | 11467 ||| INVOKING Heroism.
 11477 | Lair:1   | Received a gift from Okawaru
 11703 | Lair:1   | 11703 ||| DRINKING 3 glowing golden potions.
 11703 | Lair:1   | Gained mutation: You have a pair of small antennae on your
                  | head. [potion of mutation]
 11703 | Lair:1   | Gained mutation: Your spells are a little harder to cast,
                  | but a little more powerful. [potion of mutation]
 11794 | Lair:2   | 11794 ||| Stepping ~*~*~tactically~*~*~ (stealth).
 11820 | Lair:2   | 11820 ||| INVOKING Heroism.
 11846 | Lair:2   | 11846 ||| READING scroll of enchant weapon.
 11846 | Lair:2   | 11846 ||| ENCHANTING +2 heavy war axe.
 11894 | Lair:2   | 11894 ||| FLEEEEING.
 11895 | Lair:2   | 11895 ||| FLEEEEING.
 12024 | Lair:2   | Noticed a skyshark
 12031 | Lair:2   | Killed a skyshark
 12032 | Lair:2   | Reached skill level 13 in Axes
 12142 | Lair:2   | 12142 ||| INVOKING Heroism.
 12354 | Lair:2   | 12354 ||| INVOKING Heroism.
 12358 | Lair:2   | Reached skill level 3 in Throwing
 12672 | Lair:2   | 12672 ||| READING scroll labelled ECWURRORAX.
 12673 | Lair:2   | 12673 ||| DRINKING 3 sapphire potions.
 12736 | Lair:3   | Reached XP level 13. HP: 71/82 MP: 20/20
 12736 | Lair:3   | 12736 ||| FLEEEEING.
 12737 | Lair:3   | 12737 ||| FLEEEEING.
 12738 | Lair:3   | 12738 ||| FLEEEEING.
 12739 | Lair:3   | 12739 ||| FLEEEEING.
 12740 | Lair:3   | 12740 ||| FLEEEEING.
 12741 | Lair:3   | 12741 ||| FLEEEEING.
 12742 | Lair:3   | 12742 ||| FLEEEEING.
 12802 | Lair:3   | Received a gift from Okawaru
 12862 | Lair:3   | 12862 ||| Stepping ~*~*~tactically~*~*~ (stealth).
 12863 | Lair:3   | 12863 ||| Stepping ~*~*~tactically~*~*~ (stealth).
 12880 | Lair:3   | 12880 ||| Stepping ~*~*~tactically~*~*~ (stealth).
 12896 | Lair:3   | 12896 ||| Stepping ~*~*~tactically~*~*~ (stealth).
 12898 | Lair:3   | 12898 ||| INVOKING Heroism.
 12985 | Lair:3   | 12985 ||| Stepping ~*~*~tactically~*~*~ (stealth).
 13194 | Lair:3   | 13194 ||| INVOKING Heroism.
 13348 | Lair:3   | Found a hole to the Spider Nest.
 13349 | Lair:3   | 13349 ||| READING scroll labelled VIGOLUU PEBB.
 13361 | Lair:3   | 13361 ||| INVOKING Heroism.
 13502 | Lair:3   | 13502 ||| INVOKING Heroism.
 13686 | Lair:3   | Identified the +2 robe of Noaqad {Dex+3}
 13768 | Lair:3   | 13768 ||| Stepping ~*~*~tactically~*~*~ (hiding).
 13805 | Lair:3   | 13805 ||| Stepping ~*~*~tactically~*~*~ (hiding).
 13806 | Lair:3   | 13806 ||| INVOKING Heroism.
 13825 | Lair:3   | Found a staircase to the Swamp.
 13997 | Lair:4   | 13997 ||| STAIRDANCE
 14108 | Lair:4   | Received a gift from Okawaru
 14110 | Lair:4   | 14110 ||| INVOKING Heroism.
 14111 | Lair:4   | 14111 ||| INVOKING Finesse.
 14119 | Lair:4   | Reached skill level 14 in Axes
 14121 | Lair:4   | 14121 ||| STAIRDANCE
 14250 | Lair:4   | 14250 ||| INVOKING Heroism.
 14253 | Lair:4   | Received a gift from Okawaru
 14256 | Lair:4   | 14256 ||| INVOKING Finesse.
 14476 | Lair:4   | 14476 ||| READING 3 scrolls of enchant weapon.
 14476 | Lair:4   | 14476 ||| ENCHANTING +3 war axe of venom.
 14477 | Lair:4   | 14477 ||| READING 2 scrolls of enchant weapon.
 14477 | Lair:4   | 14477 ||| ENCHANTING +4 war axe of venom.
 14478 | Lair:4   | 14478 ||| READING scroll of enchant weapon.
 14478 | Lair:4   | 14478 ||| ENCHANTING +5 war axe of venom.
 14536 | Lair:4   | 14536 ||| INVOKING Heroism.
 14576 | Lair:4   | 14576 ||| INVOKING Heroism.
 14661 | Lair:4   | 14661 ||| INVOKING Heroism.
 14890 | Lair:5   | Entered Level 5 of the Lair of Beasts
 14914 | Lair:5   | Received a gift from Okawaru
 14931 | Lair:5   | 14931 ||| INVOKING Heroism.
 14953 | Lair:5   | HP: 16/84 [meliai/divine providence (16)]
 14954 | Lair:5   | 14954 ||| READING 9 scrolls of teleportation.
 14955 | Lair:5   | 14955 ||| DRINKING 7 potions of heal wounds.
 14958 | Lair:5   | Found a staircase to the Slime Pits.
 15181 | Lair:5   | 15181 ||| INVOKING Heroism.
 15210 | Lair:5   | 15210 ||| INVOKING Finesse.
 15213 | Lair:5   | 15213 ||| INVOKING Finesse.
 15323 | Lair:5   | 15323 ||| Stepping ~*~*~tactically~*~*~ (hiding).
 15324 | Lair:5   | 15324 ||| Stepping ~*~*~tactically~*~*~ (hiding).
 15326 | Lair:5   | 15326 ||| INVOKING Heroism.
 15340 | Lair:5   | Gained mutation: Your large and strong wings let you fly.
                  | [Gargoyle growth]
 15340 | Lair:5   | Reached XP level 14. HP: 63/90 MP: 19/21
 15429 | Lair:5   | 15429 ||| INVOKING Heroism.
 15430 | Lair:5   | 15430 ||| INVOKING Finesse.
 15438 | Lair:5   | Reached skill level 15 in Axes
 15463 | Lair:5   | Received a gift from Okawaru
 15497 | Lair:5   | 15497 ||| Stepping ~*~*~tactically~*~*~ (stealth).
 15499 | Lair:5   | 15499 ||| Stepping ~*~*~tactically~*~*~ (stealth).
 15501 | Lair:5   | 15501 ||| INVOKING Finesse.
 15510 | Lair:5   | 15510 ||| Stepping ~*~*~tactically~*~*~ (hiding).
 15520 | Lair:5   | 15520 ||| INVOKING Heroism.
 15606 | Lair:5   | 15606 ||| Stepping ~*~*~tactically~*~*~ (stealth).
 15609 | Lair:5   | 15609 ||| INVOKING Heroism.
 15613 | Lair:5   | 15613 ||| Stepping ~*~*~tactically~*~*~ (stealth).
 15626 | Lair:5   | 15626 ||| INVOKING Finesse.
 15650 | Lair:5   | Reached skill level 12 in Fighting
 15691 | Lair:5   | 15691 ||| INVOKING Heroism.
 15789 | Lair:5   | 15789 ||| Stepping ~*~*~tactically~*~*~ (stealth).
 15879 | Lair:5   | 15879 ||| INVOKING Heroism.
 15883 | Lair:5   | 15883 ||| SWAPPING to +0 morningstar.
 15896 | Lair:5   | Received a gift from Okawaru
 15897 | Lair:5   | 15897 ||| SWAPPING to +6 war axe of venom.
 16181 | Lair:5   | 16181 ||| INVOKING Heroism.
 16515 | Lair:5   | 16515 ||| PLANNING D
 16663 | D:12     | 16663 ||| INVOKING Heroism.
 16742 | D:12     | Found a staircase to the Orcish Mines.
 16757 | D:12     | Received a gift from Okawaru
 16809 | D:12     | 16809 ||| Stepping ~*~*~tactically~*~*~ (stealth).
 16814 | D:12     | 16814 ||| INVOKING Heroism.
 16838 | D:12     | Received a gift from Okawaru
 16905 | D:12     | 16905 ||| Stepping ~*~*~tactically~*~*~ (stealth).
 17065 | D:12     | Received a gift from Okawaru
 17073 | D:12     | 17073 ||| INVOKING Heroism.
 17074 | D:12     | 17074 ||| INVOKING Finesse.
 17085 | D:12     | 17085 ||| SWAPPING to +0 morningstar.
 17094 | D:12     | Reached skill level 16 in Axes
 17094 | D:12     | 17094 ||| SWAPPING to +6 war axe of venom.
 17272 | D:12     | 17272 ||| INVOKING Heroism.
 17339 | D:12     | 17339 ||| READING scroll of enchant armour.
 17339 | D:12     | 17339 ||| ENCHANTING +0 pair of boots of flying.
 17416 | D:12     | Identified the +10 great sword of Satyriasis {flame, rN+
                  | Int+3} (Okawaru gifted it to you on level 12 of the
                  | Dungeon)
 17416 | D:12     | Received a gift from Okawaru
 17422 | D:12     | 17422 ||| Stepping ~*~*~tactically~*~*~ (stealth).
 17423 | D:12     | 17423 ||| Stepping ~*~*~tactically~*~*~ (stealth).
 17483 | D:12     | Reached skill level 3 in Dodging
 17494 | D:12     | Identified the +1 quarterstaff of Disorder {pain, rN+}
 17502 | D:12     | Found a basalt altar of Yredelemnul.
 17524 | D:12     | Identified the +0 chain mail of Itepsadi {Will+ Int+3}
 17534 | D:12     | Reached XP level 15. HP: 96/96 MP: 22/22
 17798 | D:12     | 17798 ||| Stepping ~*~*~tactically~*~*~ (hiding).
 17800 | D:12     | 17800 ||| Stepping ~*~*~tactically~*~*~ (hiding).
 17809 | D:12     | 17809 ||| INVOKING Heroism.
 17814 | D:12     | Reached skill level 12 in Armour
 18158 | D:12     | 18158 ||| UPGRADING to +2 pair of boots of stealth.
 18168 | D:12     | 18168 ||| DROPPING +1 pair of boots of flying.
 18169 | D:12     | 18169 ||| DROPPING +0 chain mail of Itepsadi {Will+ Int+3}.
 18214 | D:13     | 18214 ||| STAIRDANCE
 18583 | D:13     | 18583 ||| Stepping ~*~*~tactically~*~*~ (hiding).
 18642 | D:13     | 18642 ||| INVOKING Heroism.
 19150 | D:14     | 19150 ||| INVOKING Heroism.
 19152 | D:14     | Received a gift from Okawaru
 19240 | D:14     | Reached skill level 6 in Throwing
 19407 | D:14     | 19407 ||| Stepping ~*~*~tactically~*~*~ (hiding).
 19408 | D:14     | 19408 ||| Stepping ~*~*~tactically~*~*~ (hiding).
 19524 | D:14     | 19524 ||| INVOKING Heroism.
 19526 | D:14     | 19526 ||| READING 9 scrolls of teleportation.
 19551 | D:14     | Received a gift from Okawaru
 19817 | D:14     | 19817 ||| FLEEEEING.
 19819 | D:14     | 19819 ||| FLEEEEING.
 19821 | D:14     | 19821 ||| STAIRDANCE
 19891 | D:14     | Found a gate to the Vaults.
 19962 | D:14     | 19962 ||| UPGRADING to +0 tower shield of protection.
 19972 | D:14     | 19972 ||| DROPPING +0 buckler.
 19993 | D:15     | Entered Level 15 of the Dungeon
 19999 | D:15     | 19999 ||| Stepping ~*~*~tactically~*~*~ (hiding).
 20000 | D:15     | 20000 ||| Stepping ~*~*~tactically~*~*~ (hiding).
 20001 | D:15     | 20001 ||| Stepping ~*~*~tactically~*~*~ (hiding).
 20079 | D:15     | 20079 ||| INVOKING Heroism.
 20083 | D:15     | HP: 21/98 [meliai/divine providence (17)]
 20083 | D:15     | HP: 9/98 [meliai/divine providence (12)]
 20084 | D:15     | 20084 ||| READING 8 scrolls of teleportation.
 20084 | D:15     | Killed from afar by a meliai

Levels and vault maps discovered:
D:1:      beargit_arrival_diablo_church, layout_loops_ring,
          hellmonk_ecumenical_altar_crossroads
D:2:      layout_basic, serial_shops, shop, grunt_ministairs_2,
          minmay_pentomino_t4
D:3:      layout_loops_ring, mainiacjoe_overflow_brackets,
          gammafunk_ghost_arena, serial_bayou, serial_bayou_lagoon_a,
          serial_bayou_shore_a, serial_bayou_lake_a, serial_bayou_crossing
D:4:      layout_basic, nicolae_gozag_zags_fifth_avenue
D:5:      layout_rooms, evilmike_ruin_ashenzari
D:6:      layout_basic, serial_shops, nicolae_shop_competitors_out_of_business,
          minmay_lizard_king, uniq_grinder
D:7:      layout_rooms, elyvilon_altar_3, minmay_temple_entry_arrows,
          corexii_checkpoint_a, uniq_menkaure
D:8:      layout_basic, lemuel_crystal_altar, mainiacjoe_overflow_alcove_1,
          enter_ossuary_3, chequers_serial_rivers_small_a,
          minmay_misc_feat_pillars, nrook_mini_backslash,
          chequers_serial_rivers_small_a
D:9:      minmay_the_grid_4x2 [minmay_the_grid_outer_circle,
          minmay_the_grid_paths, minmay_the_grid_armoury, minmay_the_grid_eight,
          minmay_the_grid_tree, minmay_the_grid_stretched_grid,
          minmay_the_grid_holed_spiral, minmay_the_grid_prize_big_room],
          layout_loops_ring, regret_index_temple_of_mockery, serial_shops,
          nicolae_take_the_stairs, uniq_prince_ribbit1
D:10:     layout_small_grid, fedhas_altar_3, enter_bailey_3, serial_ice,
          serial_ice_c, serial_ice_m, serial_ice_g, serial_ice_a,
          chequers_serial_rivers_small_b, lemuel_flame_loot_1
D:11:     layout_roguey, lair_entry_dummy, uniq_urug
D:12:     lemuel_vampire_tower, layout_cave_pods, david_orc_3
D:13:     layout_basic, minmay_unpleasant_kobolds
D:14:     layout_cave_pools, ximxim_vaults_locker_room, minmay_misc_feat_rugged,
          kb_tengu_band
D:15:     gammafunk_depths_entry_grave, layout_gridville, serial_rivers,
          chequers_serial_rivers_micro_a, chequers_serial_rivers_micro_d,
          chequers_serial_rivers_micro_e, chequers_serial_rivers_micro_a,
          chequers_serial_rivers_room_a, chequers_serial_rivers_room_a,
          xom_teletrap_fun
Temple:   nicolae_temple_bog_church
Lair:1:   layout_chaotic_city
Lair:2:   layout_regular_city, wad_woods_01, grunt_megastairs_4
Lair:3:   layout_loops_ring, nicolae_swamp_entry_splash_gauntlet,
          nicolae_spider_entry_tight_spaces, kennysheep_abandoned_house
Lair:4:   layout_big_grid
Lair:5:   evilmike_catoblepas_cave, layout_concentric_octagons, slime_entry_1,
          special_room [special_room_bee]

Skill      XL: |  1  2  3  4  5  6  7  8  9 10 11 12 13 14 15 |
---------------+----------------------------------------------+-----
Axes           | 2 3 4 5 7 8 10 11 12 13 14 16 | 16.0
Fighting       | 4 6 7 9 10 11 12 13 | 13.0
Dodging        | 1 2 3 |  3.0
Throwing       | 1 3 4 5 7 |  7.0
Shields        | 4 5 6 7 8 |  8.4
Armour         | 6 7 9 10 11 12 | 12.0
Invocations    | 4 6 10 | 10.0

Action                     |  1- 3 |  4- 6 |  7- 9 | 10-12 | 13-15 || total
---------------------------+-------+-------+-------+-------+-------++-------
  Melee: War axe           |   119 |   134 |   285 |   431 |   880 ||  1849
         Morningstar       |       |       |       |       |    21 ||    21
  Throw: Boomerang         |       |       |    23 |    97 |   133 ||   253
         Javelin           |       |       |       |    26 |    28 ||    54
 Invoke: Heroism           |       |       |       |    23 |    28 ||    51
         Finesse           |       |       |       |     1 |     7 ||     8
    Use: Scroll            |     4 |     5 |    16 |     5 |     8 ||    38
         Potion            |     1 |     1 |     2 |     4 |     1 ||     9
   Stab: Petrified         |       |       |       |       |     3 ||     3
 Armour: Scale mail        |    67 |    84 |   138 |       |       ||   289
         Plate armour      |       |       |    24 |   284 |   523 ||   831
  Dodge: Dodged            |    64 |    45 |   176 |   323 |   451 ||  1059
  Block: Buckler           |    18 |    15 |    63 |   121 |   192 ||   409
         Tower shield      |       |       |       |       |     8 ||     8

Table legend:
 A = Non-vault XP
 B = Vault XP
 C = Vault XP percentage of total XP
 D = Non-vault monster count
 E = Vault monster count
 F = Vault count percentage of total count
                 A         B        C        D         E       F
            +---------+---------+-------+---------+---------+-------
      Total |   63330 |   43802 |  40.9 |     365 |     219 |  37.5
            +---------+---------+-------+---------+---------+-------
        D:1 |      29 |       0 |   0.0 |      16 |       0 |   0.0
        D:2 |      55 |       6 |   9.8 |      18 |       3 |  14.3
        D:3 |      88 |       0 |   0.0 |      15 |       0 |   0.0
        D:4 |     511 |       0 |   0.0 |      15 |       0 |   0.0
        D:5 |     745 |       0 |   0.0 |      25 |       0 |   0.0
        D:6 |     376 |     326 |  46.4 |       6 |       8 |  57.1
        D:7 |    1928 |     176 |   8.4 |      31 |       3 |   8.8
        D:8 |    2332 |       0 |   0.0 |      26 |       0 |   0.0
        D:9 |    2763 |    6868 |  71.3 |      29 |      22 |  43.1
       D:10 |    2325 |     736 |  24.0 |      16 |       8 |  33.3
       D:11 |    2583 |     788 |  23.4 |      17 |       1 |   5.6
       D:12 |   11772 |   10239 |  46.5 |      30 |      50 |  62.5
       D:13 |    3106 |     210 |   6.3 |      17 |       6 |  26.1
       D:14 |    5841 |    5367 |  47.9 |      17 |      13 |  43.3
       D:15 |     869 |       0 |   0.0 |       2 |       0 |   0.0
     Lair:1 |    3552 |       0 |   0.0 |      11 |       0 |   0.0
     Lair:2 |    3384 |    1640 |  32.6 |      11 |       7 |  38.9
     Lair:3 |    4983 |    3192 |  39.0 |      22 |      24 |  52.2
     Lair:4 |    9550 |       0 |   0.0 |      21 |       0 |   0.0
     Lair:5 |    6538 |   13990 |  68.2 |      20 |      47 |  70.1
    Ossuary |       0 |     264 | 100.0 |       0 |      27 | 100.0
            +---------+---------+-------+---------+---------+-------
